 Dungeon Crawl Stone Soup version 0.25-a0-577-ga4619f4 (webtiles) character file.

Game seed: 4081179845130144873, levelgen mode: deterministic

5656 Faels the Spear-Bearer (level 10, -3/76 HPs)
             Began as a Demonspawn Fighter on Mar 2, 2020.
             Was a High Priest of Okawaru.
             Slain by an unseen horror (7 damage)
             ... on level 9 of the Dungeon.
             The game lasted 00:28:15 (10401 turns).

Faels the Spear-Bearer (Demonspawn Fighter)        Turns: 10401, Time: 00:28:16

Health: -3/76      AC: 10    Str: 16    XL:     10   Next: 46%
Magic:  12/12      EV: 10    Int: 10    God:    Okawaru [*****.]
Gold:   205        SH: 17    Dex: 19    Spells: 9/9 levels left

rFire    . . .     SeeInvis .   x - +5 trident of Hospitality {vamp, Dex+3 Stlth+}
rCold    . . .     Gourm    .   c - +5 kite shield
rNeg     . . .     Faith    .   C - +0 swamp dragon scales
rPois    +         Spirit   .   U - +1 hat
rElec    .         Reflect  .   (no cloak)
rCorr    .         Harm     .   p - +0 pair of gloves
MR       .....                  L - +0 pair of boots
Stlth    ++........             h - amulet of rage
HPRegen  0.22/turn              O - ring of flight
MPRegen  0.13/turn              (no ring)

@: about to teleport, drained
A: horns 2, large bone plates 1, rot immunity
a: Heroism, Finesse, Renounce Religion, Evoke Berserk Rage, Evoke Flight


You were on level 9 of the Dungeon.
You worshipped Okawaru.
Okawaru was extremely pleased with you.
You were not hungry.

You visited 2 branches of the dungeon, and saw 10 of its levels.

You collected 385 gold pieces.
You spent 180 gold pieces at shops.

Inventory:

Hand Weapons
 n - a +2 trident of venom
 x - the +5 trident of Hospitality (weapon) {vamp, Dex+3 Stlth+}
   (You found it on level 6 of the Dungeon)

   It inflicts no extra harm, but heals its wielder when it wounds a living foe.
   It affects your dexterity (+3).
   It makes you more stealthy.
 D - a +1 dagger of venom
 M - a +2 mace of holy wrath
Missiles
 g - 7 curare-tipped darts
 j - 15 poisoned darts (quivered)
 m - 4 throwing nets
 V - 3 boomerangs
Armour
 b - a +0 scale mail
 c - a +5 kite shield (worn)
 p - a +0 pair of gloves (worn)
 w - a +0 chain mail
 C - +0 swamp dragon scales (worn)
 L - a +0 pair of boots (worn)
 P - +2 acid dragon scales
 U - a +1 hat (worn)
Jewellery
 h - an amulet of rage (around neck)
 I - an uncursed amulet of the gourmand
 K - an uncursed amulet of regeneration
 O - a ring of flight (left hand)
Wands
 d - a wand of random effects (19)
 y - a wand of digging (3)
 z - a wand of iceblast (8)
 N - a wand of flame (10)
 R - a wand of acid (5)
 S - a wand of polymorph (9)
Scrolls
 e - 2 scrolls of teleportation
 i - 2 scrolls of remove curse
 k - 2 scrolls of immolation
 l - a scroll of fear
 q - 2 scrolls of enchant weapon {unknown}
 t - a scroll of blinking {unknown}
 A - a scroll of noise {unknown}
 G - a scroll of acquirement {unknown}
Potions
 o - 2 potions of flight
 r - a potion of experience {unknown}
 u - 2 potions of lignification
 v - 3 potions of might
 B - 2 potions of curing
 E - 2 potions of brilliance
 J - a potion of magic {unknown}
Comestibles
 f - 16 rations
 W - 4 chunks of flesh


   Skills:
 - Level 5.6(4.6) Fighting
   Level 6.4(5.3) Long Blades
 + Level 10.9(9.7) Polearms
 - Level 2.6(1.7) Armour
 - Level 3.9(2.9) Dodging
 - Level 2.6(1.7) Shields
 - Level 3.2(2.2) Evocations


You had 9 spell levels left.
You didn't know any spells.
Your spell library was empty.

Dungeon Overview and Level Annotations

Branches:
Dungeon (9/15)             Temple (1/1) D:5
   Lair: D:8-11         Orc: D:9-12

Altars:
Ashenzari
Cheibriados
Dithmenos
Elyvilon
Fedhas
Gozag
Makhleb
Nemelex Xobeh
Okawaru
Qazlal
Ru
Sif Muna
Trog
Uskayaw
Vehumet
Wu Jian
Xom
Yredelemnul
Zin
The Shining One

Shops:
D:6 (

Annotations:
D:2 Robin
D:8 1 runed translucent door, jonnos's ghost, novice MiFi
D:9 3 runed translucent doors, Tenaya's ghost, novice TrHu


Innate Abilities, Weirdness & Mutations

You have a pair of horns on your head.
You are partially covered in large bone plates. (SH +4)
You are immune to rotting.


Message History

You miss something. Something hits you but does no damage.
You hit something but do no damage. You headbutt something. Something hits you!
* * * LOW HITPOINT WARNING * * *
You closely miss something. Something hits you but does no damage.
Your shield prevents you from hitting something.
Something hits you but does no damage. Something hits you.
* * * LOW HITPOINT WARNING * * *
You closely miss something. Something hits you but does no damage.
Something hits you.
* * * LOW HITPOINT WARNING * * *
You feel better. Something hits you.
* * * LOW HITPOINT WARNING * * *
You closely miss something. Your headbutt misses something. Something hits you!
* * * LOW HITPOINT WARNING * * *
Something hits you but does no damage. Something hits you.
* * * LOW HITPOINT WARNING * * *
You puncture something!
Something hits you but does no damage. x2
As you read the scroll of teleportation, it crumbles to dust.
You feel strangely unstable. Something hits you!
You die...

..######## #.##.8∩8∩##
..#..$.$..# .##8.$8..8#
.##.$._.F!# #
.###..FSo####### .##
.####+++##.....# #..#.##
.##........###)####.......
.#####.#.#)# #..@{ol..#
.#####...#.###..###....#
.))))....#.)÷........⌠....
####.#########..####.....≈
#.# #..... ....[≈ #.#
.........≈≈≈≈ #.# .#.._...
.≈≈≈≈ ..# #......# .≈≈≈≈
### #


You could see a wyvern and an orc.

Vanquished Creatures
  Gastronok (D:8)
  Harold (D:7)
  A centaur zombie (D:8)
  Psyche (D:8)
  Maggie (D:8)
  Grinder (D:5)
  Menkaure (D:7)
  Duvessa (D:7)
  An orc warrior (D:9)
  2 sky beasts
  A phantom (D:6)
  2 ogres
  2 centaurs
  2 bullfrogs
  A gnoll sergeant (D:9)
  Dowan (D:7)
  4 scorpions
  2 crimson imps
  5 hounds
  A jelly (D:6)
  3 orc priests
  A bullfrog zombie (D:9)
  6 orc wizards
  3 bullfrog skeletons
  Terence (D:2)
  4 worker ants
  A killer bee zombie (D:6)
  2 howler monkey skeletons
  6 adders
  7 gnolls
  A shadow imp (D:6)
  An ooze (D:5)
  2 adder zombies
  A worm (D:2)
  3 leopard geckos
  21 orcs
  5 bats
  4 giant cockroaches
  12 goblins
  7 hobgoblins
  9 jackals
  A quokka (D:8)
  A ball python (D:3)
  6 frilled lizards
  8 kobolds
  2 leopard gecko skeletons (D:6)
  A quokka skeleton (D:6)
  10 rats
161 creatures vanquished.

Vanquished Creatures (others)
  A fungus (D:8)
  2 plants (D:8)
3 creatures vanquished.

Grand Total: 164 creatures vanquished

Notes
Turn   | Place    | Note
-------+----------+-------------------------------------------
     0 | D:1      | Faels the Demonspawn Fighter began the quest for the Orb.
     0 | D:1      | Reached XP level 1. HP: 18/18 MP: 1/1
    63 | D:1      | Found a shattered altar of Ashenzari.
   155 | D:1      | Gained mutation: You are immune to rotting. [demonic
                  | ancestry]
   155 | D:1      | Reached XP level 2. HP: 24/24 MP: 2/2
   751 | D:1      | Reached skill level 1 in Dodging
   939 | D:2      | Found a burning altar of Makhleb.
  1055 | D:2      | Noticed Terence
  1074 | D:2      | HP: 1/24 [poisoned by Terence]
  1077 | D:2      | Killed Terence
  1077 | D:2      | Reached XP level 3. HP: 20/29 MP: 3/3
  1478 | D:2      | Gained mutation: You are partially covered in large bone
                  | plates. (SH +4) [demonic ancestry]
  1478 | D:2      | Reached XP level 4. HP: 25/35 MP: 4/4
  1853 | D:2      | Noticed Robin
  2447 | D:3      | Found a shimmering blue altar of Sif Muna.
  2629 | D:3      | Reached XP level 5. HP: 26/42 MP: 5/5
  2805 | D:3      | Found a shadowy altar of Dithmenos.
  3040 | D:3      | Reached skill level 1 in Evocations
  3151 | D:3      | Found an opulent altar of Gozag.
  3586 | D:4      | Gained mutation: You have a pair of small horns on your
                  | head. [demonic ancestry]
  3586 | D:4      | Reached XP level 6. HP: 25/48 MP: 7/7
  3820 | D:4      | Found a white marble altar of Elyvilon.
  4090 | D:4      | Found an iron altar of Okawaru.
  4090 | D:4      | Found a bloodstained altar of Trog.
  4212 | D:4      | Became a worshipper of Warmaster Okawaru
  4351 | D:5      | Entered Level 5 of the Dungeon
  4851 | D:5      | Reached XP level 7. HP: 54/55 MP: 8/8
  5126 | D:5      | Found a staircase to the Ecumenical Temple.
  5136 | Temple   | Entered the Ecumenical Temple
  5553 | D:5      | Reached skill level 5 in Long Blades
  5676 | D:5      | Noticed Grinder
  5696 | D:5      | Paralysed by Grinder for 7 turns
  5725 | D:5      | Paralysed by Grinder for 4 turns
  5729 | D:5      | Killed Grinder
  5729 | D:5      | Reached * piety under Okawaru
  6045 | D:5      | Reached skill level 5 in Fighting
  6469 | D:6      | Reached XP level 8. HP: 36/62 MP: 10/10
  6730 | D:6      | Got a brightly glowing quarterstaff
  7010 | D:6      | Identified the +5 quarterstaff of Floods {vorpal, *Slow
                  | +Fly Int+5 Dex-5} (You found it on level 6 of the Dungeon)
  7050 | D:6      | Found Goet's Antique Weapon Emporium.
  7067 | D:6      | Bought a glowing falchion for 180 gold pieces
  7151 | D:6      | Reached ** piety under Okawaru
  7570 | D:6      | Got a brightly glowing trident
  7571 | D:6      | Identified the +5 trident of Hospitality {vamp, Dex+3
                  | Stlth+} (You found it on level 6 of the Dungeon)
  7735 | D:6      | Reached skill level 1 in Polearms
  7926 | D:7      | Reached skill level 2 in Polearms
  8095 | D:7      | Noticed Dowan
  8097 | D:7      | Noticed Duvessa
  8118 | D:7      | Killed Duvessa
  8118 | D:7      | Reached skill level 3 in Polearms
  8123 | D:7      | Killed Dowan
  8123 | D:7      | Reached skill level 4 in Polearms
  8402 | D:7      | Noticed Menkaure
  8411 | D:7      | Noticed Harold
  8415 | D:7      | Killed Menkaure
  8448 | D:7      | Killed Harold
  8448 | D:7      | Reached *** piety under Okawaru
  8448 | D:7      | Reached skill level 6 in Polearms
  8448 | D:7      | Gained mutation: You have a pair of horns on your head.
                  | [demonic ancestry]
  8448 | D:7      | Reached XP level 9. HP: 23/69 MP: 9/11
  8673 | D:7      | Found a sacrificial altar of Ru.
  9066 | D:8      | Noticed Maggie
  9075 | D:8      | Killed Maggie
  9075 | D:8      | Reached skill level 7 in Polearms
  9169 | D:8      | Reached skill level 8 in Polearms
  9247 | D:8      | Found a runed translucent door.
  9247 | D:8      | Identified the +9 trident "Edafah" {protect, *Corrode rF+
                  | Str+4}
  9248 | D:8      | Noticed a polar bear
  9248 | D:8      | Noticed jonnos's ghost (novice MiFi)
  9375 | D:8      | Noticed Gastronok
  9391 | D:8      | Killed Gastronok
  9391 | D:8      | Reached **** piety under Okawaru
  9391 | D:8      | Reached ***** piety under Okawaru
  9391 | D:8      | Received a gift from Okawaru
  9391 | D:8      | Reached skill level 10 in Polearms
  9391 | D:8      | Reached XP level 10. HP: 76/76 MP: 9/12
  9574 | D:8      | Found a hide-covered altar of Uskayaw.
  9581 | D:8      | Found a glowing silver altar of Zin.
  9662 | D:8      | Noticed Psyche
  9671 | D:8      | Killed Psyche
 10175 | D:9      | Found a runed translucent gate.
 10176 | D:9      | Found a runed translucent gate.
 10176 | D:9      | Found an opulent altar of Gozag.
 10310 | D:9      | Found a runed translucent gate.
 10310 | D:9      | Noticed a two-headed ogre
 10310 | D:9      | Noticed Tenaya's ghost (novice TrHu)
 10373 | D:9      | Found an iron altar of Okawaru.
 10401 | D:9      | Slain by an unseen horror

Levels and vault maps discovered:
D:1:      dpeg_arrival_prison, layout_loops_cross,
          hangedman_decor_clover_reticule, ashenzari_altar_1
D:2:      minmay_evil_eye, layout_loops_corners, nicolae_overflow_crystal_walls,
          uniq_terence, uniq_robin
D:3:      layout_basic, led_sif_pool, nicolae_gozag_seed_capital,
          grunt_dithmenos_smoke, minmay_close_crescents
D:4:      layout_loops_cross, grunt_temple_overflow_bloody_war, elyvilon_altar_3
D:5:      layout_rooms, temple_statues, first_ration, hex_large, uniq_grinder
D:6:      layout_basic, serial_shops, shop_fountains
D:7:      layout_basic, nicolae_ru_awakened_eye, uniq_harold, uniq_duvessa,
          uniq_menkaure
D:8:      layout_cave_pods, minitemple, ebering_ghost_funeral_grove,
          grunt_ogre_cave, hangedman_abyss_or_decor_stagger, uniq_psyche,
          uniq_maggie, uniq_gastronok
D:9:      layout_loops_ring, kiku_gazebo_pond_becter,
          lemuel_coloured_pillars_altar, ebering_ghost_gozag, basic_altar,
          uniq_joseph
Temple:   cyrus_temple_forest

Skill      XL: |  1  2  3  4  5  6  7  8  9 |
---------------+----------------------------+-----
Long Blades    | 2 3 4 5 6 |  6.4
Dodging        | 1 2 3 |  3.9
Evocations     | 1 2 3 |  3.2
Fighting       | 4 5 |  5.6
Polearms       | 6 10 | 10.9
Armour         | |  2.6
Shields        | |  2.6

Action                   |  1- 3 |  4- 6 |  7- 9 | 10-12 || total
-------------------------+-------+-------+-------+-------++-------
Melee: Long sword        |   116 |   248 |   211 |       ||   575
       Dagger            |       |    15 |       |       ||    15
       Headbutt          |       |    10 |    54 |    19 ||    83
       Trident           |       |       |   115 |    76 ||   191
Throw: Dart              |       |     7 |     6 |       ||    13
Invok: Heroism           |       |       |     4 |     2 ||     6
 Abil: Evoke Berserk Rag |       |       |     2 |       ||     2
Evoke: Wand              |       |       |     2 |     2 ||     4
  Use: Potion            |     3 |     1 |     1 |     1 ||     6
       Scroll            |       |     5 |     8 |     3 ||    16
 Stab: Sleeping          |       |       |     1 |     1 ||     2
       Distracted        |       |       |     1 |       ||     1
  Eat: Chunk             |     2 |     7 |     6 |     5 ||    20
       Ration            |       |     1 |     3 |       ||     4
Armor: Scale mail        |    61 |    38 |       |       ||    99
       Chain mail        |       |    40 |    16 |       ||    56
       Swamp dragon scal |       |       |    46 |    18 ||    64
Dodge: Dodged            |    39 |    33 |    61 |    14 ||   147
Block: Kite shield       |    48 |   249 |   285 |    47 ||   629
       Rpst.: Long sword |     6 |    11 |    20 |       ||    37

Table legend:
 A = Non-vault XP
 B = Vault XP
 C = Vault XP percentage of total XP
 D = Non-vault monster count
 E = Vault monster count
 F = Vault count percentage of total count
                 A         B        C        D         E       F
            +---------+---------+-------+---------+---------+-------
      Total |    3292 |    4788 |  59.3 |     133 |      28 |  17.4
            +---------+---------+-------+---------+---------+-------
        D:1 |      31 |       5 |  13.9 |      18 |       4 |  18.2
        D:2 |      46 |      56 |  54.9 |      14 |      10 |  41.7
        D:3 |     125 |       5 |   3.8 |      22 |       4 |  15.4
        D:4 |     398 |      14 |   3.4 |      12 |       1 |   7.7
        D:5 |     392 |     249 |  38.8 |      17 |       1 |   5.6
        D:6 |     629 |       0 |   0.0 |      20 |       0 |   0.0
        D:7 |     350 |    1355 |  79.5 |       6 |       4 |  40.0
        D:8 |     953 |    3104 |  76.5 |      15 |       4 |  21.1
        D:9 |     368 |       0 |   0.0 |       9 |       0 |   0.0
            +---------+---------+-------+---------+---------+-------
